 Dungeon Crawl Stone Soup version 0.27-a0-46-g34d46f0a3f (webtiles) character file.

Game seed: 10780607882096119847

26812 Borgoz the Grappler (level 13, -1/114 HPs)
             Began as a Ghoul Gladiator on Jan 6, 2021.
             Was a Believer of Ashenzari.
             Slain by a vault guard
             ... wielding a +0 great mace
              (26 damage)
             ... on level 13 of the Dungeon.
             The game lasted 00:17:35 (13581 turns).

Borgoz the Grappler (Ghoul Gladiator)              Turns: 13581, Time: 00:17:35

Health: -1/114     AC: 13    Str: 19    XL:     13   Next: 28%
Magic:  12/12      EV: 18    Int:  3    God:    Ashenzari [**....]
Gold:   1114       SH:  0    Dex: 14    Spells: 12/12 levels left

rFire    . . .     SeeInvis .     - Unarmed
rCold    + . .     Faith    .   (no shield)
rNeg     + + +     Spirit   .   F - +3 ring mail
rPois    ∞         Reflect  .   b - +1 helmet
rElec    .         Harm     .   (no cloak)
rCorr    .         Rampage  .   (no gloves)
Will     .....                  t - +0 pair of boots
Stlth    +.........             e - amulet of regeneration
HPRegen  0.00/turn              h - ring of flight
MPRegen  0.13/turn              (no ring)

@: hasted, very quick
A: claws 1, cold resistance 1, negative energy resistance 3, inhibited
regeneration, torment resistance, unbreathing
a: Renounce Religion, Evoke Flight, Curse Item, Scrying


You were on level 13 of the Dungeon.
You worshipped Ashenzari.
Ashenzari was pleased with you.
You visited 2 branches of the dungeon, and saw 14 of its levels.
You also visited: Bailey.

You collected 1114 gold pieces.

Inventory:

Missiles
 o - 72 poisoned darts (quivered)
 E - 60 boomerangs
Armour
 b - a +1 helmet (worn)
 n - a +1 pair of gloves
 t - a +0 pair of boots (worn)
 D - a +2 kite shield
 F - a +3 ring mail (worn)
Jewellery
 e - an amulet of regeneration (around neck)
 f - an uncursed ring of wizardry
 h - a ring of flight (left claw)
Wands
 g - a wand of random effects (31)
 u - a wand of enslavement (15)
 w - a wand of flame (12)
 x - a wand of iceblast (1)
 B - a wand of paralysis (7)
Scrolls
 c - 2 scrolls of enchant armour
 d - 6 scrolls of remove curse
 i - 6 scrolls of teleportation
 k - 13 scrolls of identify
 m - 3 scrolls of blinking
 p - a scroll of magic mapping
 q - 3 scrolls of enchant weapon
 s - 4 scrolls of fear
 v - 2 scrolls of fog
 y - a scroll of summoning
 z - a scroll of brand weapon
Potions
 a - 5 potions of flight
 j - 2 potions of heal wounds
 l - 2 potions of brilliance
 A - 2 potions of curing
 C - 3 potions of cancellation


   Skills:
 + Level 10.4 Fighting
 - Level 1.7 Throwing
 + Level 8.5 Armour
 + Level 11.7 Dodging
 + Level 2.5 Shields
 + Level 13.7 Unarmed Combat


You had 12 spell levels left.
You didn't know any spells.
Your spell library contained the following spells:

 Spells                   Type           Power        Failure   Level
 Freeze                   Ice            0%           67%         1
 Frozen Ramparts          Ice            0%           96%         3
 Ozocubu's Armour         Ice            0%           96%         3
 Hailstorm                Conj/Ice       0%           100%        4
 Summon Ice Beast         Ice/Summ       0%           100%        4


Dungeon Overview and Level Annotations

Branches:
Dungeon (13/15)            Temple (1/1) D:4            Lair (0/6) D:8
    Orc (0/2) D:12         Bailey (visited)
 Vaults: D:13-14

Altars:
Ashenzari
Cheibriados
Dithmenos
Elyvilon
Fedhas
Gozag
Hepliaklqana
Kikubaaqudgha
Makhleb
Nemelex Xobeh
Okawaru
Qazlal
Ru
Sif Muna
Trog
Uskayaw
Vehumet
Wu Jian
Yredelemnul
Zin
The Shining One


Innate Abilities, Weirdness & Mutations

You thrive by killing the living.
You are immune to poison.
You have sharp fingernails.
Your flesh is cold resistant. (rC+)
You are immune to negative energy. (rN+++)
You do not regenerate when monsters are visible.
You are immune to unholy pain and torment.
You can survive without breathing.


Message History

The centaur warrior hits you but does no damage.
You claw the centaur warrior!
The centaur warrior is heavily wounded.
You barely miss the centaur warrior.
The centaur warrior is heavily wounded.
The centaur warrior hits you.
You scratch the centaur warrior.
The centaur warrior is heavily wounded.
The vault guard hits you with a +0 great mace.
The centaur warrior hits you!
* * * LOW HITPOINT WARNING * * *
You scratch the centaur warrior.
You claw the centaur warrior, but do no damage.
The centaur warrior is heavily wounded.
You mangle the centaur warrior!!
The centaur warrior is almost dead.
The centaur warrior hits you.
* * * LOW HITPOINT WARNING * * *
The vault guard hits you with a +0 great mace!!
You die...

, , ....... ,,, .......
* ,, , , , ,....... , ,,
, ....... , , , ,
,....... *#########*
#... * #)#.#.#.##,, ,
#... * #c#.#.#.# ..###..
*,* #@#.#.## ,........ *
#p#(#.#.#,#........ *,
,#.#D#.#.## #..#...##
*,#.#D#.#.#.###..##..##
#.#[#.#.#.##.....#..##
*#.#.#)#.#.#.#..#.....#.
############.........##
###.....#...
##.....###..


You could see a vault guard and a centaur warrior.

Vanquished Creatures
  Kirke (D:12)
  Nessos (D:12)
  The ghost of qborf the Devastator, a journeyman DECj of Vehumet (D:11)
  2 boulder beetles (D:12)
  A hydra (D:11)
  A centaur warrior (D:13)
  3 two-headed ogres
  An unseen horror (D:10)
  2 orc knights (Bailey)
  A deep elf mage (D:12)
  An ugly thing (D:13)
  Pikel (D:6)
  2 cyclopes
  A manticore (D:11)
  A centaur zombie (D:11)
  A gargoyle (D:13)
  A kobold demonologist (D:12)
  A komodo dragon (D:13)
  5 trolls
  A hornet (D:12)
  Sigmund (D:2)
  A wraith (D:10)
  A wyvern (D:11)
  10 yaks
  A vampire (D:12)
  2 humans (D:9)
  A steam dragon (D:10)
  3 hogs (D:12)
  An acid dragon (D:12)
  3 water moccasins
  4 sky beasts
  13 orc warriors
  6 black bears
  2 eyes of draining
  4 phantoms
  10 ogres
  3 centaurs
  4 lemures (D:6)
  4 big kobolds
  11 bullfrogs
  4 gnoll sergeants (D:12)
  2 wyvern skeletons
  5 scorpions
  2 water moccasin skeletons
  17 killer bees
  23 wights
  4 howler monkeys
  A quasit (D:9)
  4 centaur skeletons
  2 orc priests
  9 hounds
  A jelly (D:11)
  8 orc wizards
  4 bullfrog skeletons
  An iguana (D:6)
  Natasha (thrice) (D:4)
  10 worker ants
  A killer bee zombie (D:6)
  2 hound zombies (D:9)
  3 hound skeletons
  3 worker ant zombies
  14 adders
  10 gnolls
  3 white imps
  3 ufetubi
  3 oozes (D:1)
  2 adder zombies
  An adder skeleton (D:9)
  A worm (D:5)
  3 dart slugs
  7 leopard geckos
  34 orcs
  6 giant cockroaches
  9 goblins
  11 hobgoblins
  12 jackals
  28 kobolds
  5 quokkas
  4 ball pythons
  6 bats
  5 frilled lizards
  2 leopard gecko zombies
  A quokka skeleton (D:6)
  6 rats
399 creatures vanquished.

Vanquished Creatures (others)
  A goblin (D:1)
  26 fungi (D:8)
  22 plants (D:8)
49 creatures vanquished.

Grand Total: 448 creatures vanquished

Notes
Turn   | Place    | Note
-------+----------+-------------------------------------------
     0 | D:1      | Borgoz the Ghoul Gladiator began the quest for the Orb.
     0 | D:1      | Reached XP level 1. HP: 17/17 MP: 0/0
    78 | D:1      | Reached XP level 2. HP: 10/24 MP: 1/1
   326 | D:1      | Reached XP level 3. HP: 28/30 MP: 2/2
   656 | D:1      | Reached skill level 4 in Unarmed Combat
   759 | D:1      | Reached skill level 1 in Armour
   896 | D:2      | Reached XP level 4. HP: 37/37 MP: 3/3
   909 | D:2      | Noticed Sigmund
   920 | D:2      | Killed Sigmund
   921 | D:2      | Reached XP level 5. HP: 35/45 MP: 4/4
  1009 | D:2      | Reached skill level 5 in Unarmed Combat
  1009 | D:2      | Reached XP level 6. HP: 50/51 MP: 5/5
  1538 | D:3      | Noticed an ice beast
  2171 | D:4      | Reached XP level 7. HP: 58/58 MP: 6/6
  2180 | D:4      | Found a staircase to the Ecumenical Temple.
  2217 | Temple   | Entered the Ecumenical Temple
  2310 | Temple   | Became a worshipper of Ashenzari the Shackled
  2628 | D:4      | Reached skill level 6 in Unarmed Combat
  2629 | D:4      | Noticed Natasha
  2641 | D:4      | Killed Natasha
  3028 | D:4      | Noticed Natasha
  3040 | D:4      | Killed Natasha
  3108 | D:4      | Noticed Natasha
  3115 | D:4      | Killed Natasha
  3116 | D:4      | Reached skill level 5 in Dodging
  3156 | D:5      | Entered Level 5 of the Dungeon
  3529 | D:5      | Reached XP level 8. HP: 51/67 MP: 7/7
  3888 | D:5      | Reached skill level 7 in Unarmed Combat
  4658 | D:6      | Noticed Pikel
  4686 | D:6      | Reached skill level 5 in Fighting
  4710 | D:6      | Killed Pikel
  4711 | D:6      | Reached skill level 8 in Unarmed Combat
  4711 | D:6      | Reached XP level 9. HP: 23/74 MP: 8/8
  5169 | D:6      | Found a radiant altar of Vehumet.
  5816 | D:7      | Noticed a two-headed ogre
  5829 | D:7      | Killed a two-headed ogre
  5830 | D:7      | Reached skill level 9 in Unarmed Combat
  5843 | D:7      | Found a burning altar of Makhleb.
  6050 | D:7      | Reached XP level 10. HP: 67/84 MP: 9/9
  6205 | D:7      | Reached skill level 5 in Armour
  6225 | D:7      | Found an iron altar of Okawaru.
  6225 | D:7      | Found a shimmering blue altar of Sif Muna.
  6225 | D:7      | Found an opulent altar of Gozag.
  6421 | D:7      | Found a blossoming altar of Fedhas.
  6641 | D:7      | Reached * piety under Ashenzari
  7181 | D:8      | Reached skill level 10 in Unarmed Combat
  7184 | D:8      | Found a staircase to the Lair.
  8481 | D:9      | Reached XP level 11. HP: 87/92 MP: 10/10
  8521 | D:9      | Reached skill level 11 in Unarmed Combat
  8703 | D:9      | Found an iron altar of Okawaru.
  9427 | D:10     | Entered Level 10 of the Dungeon
  9580 | D:10     | Noticed a two-headed ogre
  9593 | D:10     | Killed a two-headed ogre
 10179 | D:10     | Killed an unseen horror
 10180 | D:10     | Reached skill level 10 in Dodging
 10475 | D:10     | Reached ** piety under Ashenzari
 10656 | D:11     | Noticed a manticore
 10669 | D:11     | Killed a manticore
 10670 | D:11     | Reached skill level 12 in Unarmed Combat
 10753 | D:11     | Noticed a four-headed hydra
 10759 | D:11     | Killed a four-headed hydra
 10770 | D:11     | Found a flagged portal.
 10858 | Bailey   | Entered a bailey
 10865 | Bailey   | Noticed an orc knight
 10866 | Bailey   | Noticed an orc knight
 10968 | Bailey   | Reached XP level 12. HP: 102/103 MP: 11/11
 11495 | D:11     | Noticed a two-headed ogre
 11505 | D:11     | Killed a two-headed ogre
 11842 | D:11     | Found a large runed translucent door.
 11842 | D:11     | Found a large runed translucent door.
 11842 | D:11     | Noticed qborf's ghost (journeyman DECj)
 12007 | D:11     | Killed qborf's ghost
 12109 | D:12     | Noticed Nessos
 12121 | D:12     | HP: 4/104 [Nessos/arrow (4)]
 12128 | D:12     | Killed Nessos
 12129 | D:12     | Reached skill level 13 in Unarmed Combat
 12426 | D:12     | Noticed a boulder beetle
 12465 | D:12     | Killed a boulder beetle
 12760 | D:12     | Found a staircase to the Orcish Mines.
 13013 | D:12     | Noticed a boulder beetle
 13022 | D:12     | Killed a boulder beetle
 13023 | D:12     | Reached skill level 10 in Fighting
 13172 | D:12     | Noticed Kirke
 13178 | D:12     | Reached skill level 1 in Shields
 13185 | D:12     | Reached XP level 13. HP: 113/113 MP: 12/12
 13207 | D:12     | Killed Kirke
 13572 | D:13     | Noticed a vault guard
 13581 | D:13     | Slain by a vault guard

Illustrated notes

Levels and vault maps discovered:
D:1:      onia_arrival_handbag, layout_basic
D:2:      layout_basic, minmay_bisected, uniq_sigmund
D:3:      layout_rooms, tgw_xom
D:4:      layout_basic, minmay_temple_entry_gardened_gates,
          wad_floor_pattern_untrapped, uniq_natasha
D:5:      layout_rooms
D:6:      layout_loops_ring, marbit_many_paths, uniq_pikel
D:7:      layout_layer_cave, gammafunk_temple_overflow_claw, old_standard_altar,
          basic_altar
D:8:      layout_gridville, due_lair_maze_entry_diamond, kennysheep_dice
D:9:      minmay_tri_box, layout_stronghold, okawaru_humans
D:10:     layout_layer_cave
D:11:     layout_loops_ring, enter_bailey_5, ebering_ghost_disaster_area
D:12:     layout_loops_cross, kennysheep_orc_monster_closet_entryway,
          uniq_kirke, uniq_nessos
D:13:     layout_cave_pools, david_vaults_5, st_stairs_1,
          ebering_dispersal_statue_hall
Temple:   compressed_dpeg_circular_temple

Skill      XL: |  1  2  3  4  5  6  7  8  9 10 11 12 13 |
---------------+----------------------------------------+-----
Dodging        | 3 4 5 6 7 9 10 11 | 11.7
Unarmed Combat | 4 5 6 8 9 10 12 13 | 13.7
Armour         | 1 2 3 4 5 6 8 |  8.5
Fighting       | 3 4 5 6 7 8 10 | 10.4
Shields        | 1 2 |  2.5
Throwing       | |  1.7

Action                   |  1- 3 |  4- 6 |  7- 9 | 10-12 | 13-15 || total
-------------------------+-------+-------+-------+-------+-------++-------
Melee: Unarmed           |    92 |   139 |   410 |   944 |    97 ||  1682
       Punch             |       |     3 |     7 |    54 |     2 ||    66
Throw: Throwing net      |       |     1 |     2 |     1 |       ||     4
       Dart              |       |       |       |     4 |       ||     4
 Abil: Evoke Flight      |       |       |       |     4 |       ||     4
Evoke: Wand              |       |       |       |    12 |       ||    12
  Use: Scroll            |     7 |     6 |     3 |     5 |       ||    21
       Potion            |       |       |     2 |     5 |     3 ||    10
 Stab: Sleeping          |     2 |       |       |       |       ||     2
       Held in net/web   |       |     1 |       |       |       ||     1
       Paralysed         |       |       |       |    22 |       ||    22
       Distracted        |       |       |       |       |     1 ||     1
Armor: Leather armour    |    33 |     4 |       |       |       ||    37
       Scale mail        |       |    33 |   151 |   244 |       ||   428
       Ring mail         |       |       |       |    49 |    46 ||    95
Dodge: Dodged            |    61 |    89 |   255 |   750 |    84 ||  1239

Table legend: (Time is in decaauts)
 A = Elapsed time spent in this place.
 B = Non-inter-level travel time spent in this place.
 C = Inter-level travel time spent in this place.
 D = Time resting spent in this place.
 E = Time spent auto-exploring this place.
 F = Levels seen in this place.
 G = Mean time per level.
                   A        B        C        D        E       F      G
               +--------+--------+--------+--------+--------+-----+--------+
         Total |  13316 |  12872 |    444 |   2739 |   7102 |  15 |  887.7 |
       Dungeon |  12708 |  12301 |    407 |   2676 |   6991 |  13 |  977.5 |
        Temple |    123 |     86 |     37 |      0 |     85 |   1 |  123.0 |
        Bailey |    483 |    483 |      0 |     63 |     26 |   1 |  483.0 |
               +--------+--------+--------+--------+--------+-----+--------+

Top non-repeatable levels by time:
     D:4: 1502 daAuts
     D:6: 1492 daAuts
     D:9: 1441 daAuts
     D:7: 1408 daAuts
    D:12: 1199 daAuts
    D:10: 1148 daAuts
    D:11: 964 daAuts
     D:1: 868 daAuts
     D:8: 711 daAuts
     D:5: 626 daAuts
     D:2: 613 daAuts
     D:3: 493 daAuts
  Bailey: 483 daAuts
    D:13: 239 daAuts
  Temple: 123 daAuts
